 Dungeon Crawl Stone Soup version 0.21.1-1-g345015f (webtiles) character file.

60 DiscipleGeek the Skirmisher (level 3, 0/36 HPs)
             Began as a Troll Fighter on Mar 29, 2018.
             Killed by divine providence
             ... invoked by an orc priest
              (9 damage)
             ... on level 3 of the Dungeon.
             The game lasted 00:09:16 (1640 turns).

DiscipleGeek the Skirmisher (Troll Fighter)         Turns: 1640, Time: 00:09:17

Health: 0/36       AC:  5    Str: 25    XL:     3   Next: 82%
Magic:  2/2        EV:  8    Int:  4    God:
Gold:   123        SH: 10    Dex:  9    Spells: 2/2 levels left

rFire    . . .     SeeInvis .   o - +0 whip (holy)
rCold    . . .     Gourm    +   c - +1 shield
rNeg     . . .     Faith    .   b - +0 robe
rPois    .         Spirit   .   (helmet restricted)
rElec    .         Reflect  .   (no cloak)
rCorr    .         Harm     .   (gloves unavailable)
MR       .....                  (boots unavailable)
Stlth    +.........             (no amulet)
HPRegen  0.52/turn              (no ring)
MPRegen  0.08/turn              (no ring)

@: no status effects
A: large, unfitting armour, claws 3, fast metabolism 3, gourmand, regeneration
1, shaggy fur 1, tough skin 2
a: no special abilities


You were on level 3 of the Dungeon.
You were completely stuffed.

You visited 1 branch of the dungeon, and saw 3 of its levels.

You collected 123 gold pieces.

Inventory:

Hand Weapons
 a - a +0 flail
 j - a +3 dagger
 o - a +0 whip of holy wrath (weapon)
Missiles
 e - 14 bolts
Armour
 b - a +0 robe (worn)
 c - a +1 shield (worn)
Scrolls
 i - 2 scrolls of remove curse
 k - a scroll of identify
Potions
 d - a potion of might
 g - a potion of brilliance {unknown}
 h - a potion of curing
 m - a potion of lignification {unknown}
 n - 2 potions of heal wounds {unknown}
 r - a potion of magic {unknown}
Comestibles
 f - 6 rations
 l - a chunk of flesh


   Skills:
 + Level 2.9 Fighting
 + Level 2.4 Maces & Flails
 + Level 2.8 Dodging
 + Level 0.2 Stealth
 + Level 2.7 Shields


You had 2 spell levels left.
You didn't know any spells.

Dungeon Overview and Level Annotations

Branches:
Dungeon (3/15)

Altars:


Innate Abilities, Weirdness & Mutations

You are too large for most types of armour.
You have claws for hands.
Your metabolism is lightning-fast.
You like to eat raw meat.
Your natural rate of healing is unusually fast.
You are covered in fur. (AC +1)
You have very tough skin. (AC +2)


Message History

Beogh smites you! The orc priest hits you.
The giant cockroach bites you but does no damage.
A crimson imp comes into view.
The crimson imp shouts!
You hit the orc priest but do no damage.
The orc priest is lightly wounded.
The orc priest looks encouraged for a moment.
The orc priest mumbles some strange prayers to Beogh against you.
Beogh smites you!
* * * LOW HITPOINT WARNING * * *
The giant cockroach bites you but does no damage.
You whack the orc priest!
The orc priest is severely wounded.
You block the orc priest's attack. x2; The giant cockroach closely misses you.
Unknown command.
You hit the orc priest.
The orc priest is almost dead.
The orc priest invokes the aid of Beogh against you.
Beogh smites you!
You die...

######### #. #.......#
#. #.#####.# #. ## #.#
#.####( .. #.#.###.#..#.
. #. #.#.....#..#. ...
#. #.######...#.
..?..#s#####..........#.
>.5..Ko@................
.#.#.#o#####.........##.
#. #.###......#. #. ...
#.####'#+ ##
#.#.#........
..#.#........ ...
#........ ## #........
#########


You could see 2 orc priests, a crimson imp, a giant cockroach and a kobold.

Vanquished Creatures
  3 worms
  2 dart slugs (D:1)
  An orc (D:3)
  6 bats
  2 giant cockroaches
  8 hobgoblins
  2 jackals (D:1)
  3 kobolds
  2 quokkas
  2 ball pythons (D:1)
  3 frilled lizards (D:2)
  4 goblins
  5 rats (D:1)
43 creatures vanquished.

Notes
Turn   | Place    | Note
-------+----------+-------------------------------------------
     0 | D:1      | DiscipleGeek the Troll Fighter began the quest for the Orb.
     0 | D:1      | Reached XP level 1. HP: 22/22 MP: 0/0
   171 | D:1      | Reached XP level 2. HP: 29/29 MP: 1/1
   702 | D:2      | Reached XP level 3. HP: 36/36 MP: 2/2
  1640 | D:3      | Killed from afar by an orc priest

Skill      XL: |  1  2 |
---------------+-------+-----
Maces & Flails | 2 |  2.4
Fighting       | |  2.9
Dodging        | |  2.8
Stealth        | |  0.2
Shields        | |  2.7

Action                   || total
-------------------------++-------
Melee: Flail             ||   127
       Whip              ||    61
  Use: Scroll            ||     7
 Stab: Sleeping          ||     1
  Eat: Chunk             ||    21
Armor: Robe              ||    54
Dodge: Dodged            ||    61
Block: Shield            ||    86
